 Dungeon Crawl Stone Soup version 0.30.1-11-g7821555f0a (webtiles) character file.

Game seed: 12655907254524198461

224 Lambda the Digger (level 6, 0/33 HPs)
             Began as a Gargoyle Earth Elementalist on Dec 1, 2023.
             Frozen to death by an endoplasm (4 damage)
             ... on level 3 of the Dungeon.
             The game lasted 00:13:23 (2028 turns).

Lambda the Digger (Gargoyle Earth Elementalist)     Turns: 2028, Time: 00:13:24

Health: 0/33       AC: 16    Str: 11    XL:     6   Next: 0%
Magic:  9/11       EV: 10    Int: 18    God:
Gold:   179        SH:  0    Dex: 13    Spells: 8/12 levels left

rFire   . . .        f - +0 dagger
rCold   . . .        (no shield)
rNeg    + . .        s - +6 ring mail "Urghein" {rPois rCorr Dex+3}
rPois   ∞            (no helmet)
rElec   +            p - +0 cloak
rCorr   +            (no gloves)
SInv    .            (no boots)
Will    .....        (no amulet) Stlth
                     (no ring)
HPRegen 0.25/turn    (no ring)
MPRegen 0.12/turn

%: no passive effects
@: confused
A: sickness immunity, AC +4, negative energy resistance 1, electricity
resistance, torment resistance 1, petrification resistance
a: no special abilities


You were on level 3 of the Dungeon.
You visited 1 branch of the dungeon, and saw 3 of its levels.

You collected 179 gold pieces.

Inventory:

Hand Weapons
 f - a +0 dagger (weapon)
 l - a +0 spear
Missiles
 n - 5 poisoned darts
Armour
 j - a +0 leather armour
 p - a +0 cloak (worn)
 s - the +6 ring mail "Urghein" (worn) {rPois rCorr Dex+3}
   (You found it on level 3 of the Dungeon)

   Dex:       It affects your dexterity (+3).
   rPois:     It protects you from poison.
   rCorr:     It protects you from acid and corrosion.
Scrolls
 a - a scroll of poison
 d - 3 scrolls of enchant weapon {unknown}
 e - 3 scrolls of immolation {unknown}
 h - 2 scrolls of enchant armour {unknown}
 i - a scroll of magic mapping
 k - a scroll of amnesia {unknown}
 o - a scroll of silence {unknown}
 q - a scroll of noise {unknown}
Potions
 b - a potion of magic
 c - 2 potions of might
 g - 2 potions of curing {unknown}
 m - 2 potions of brilliance
 r - a potion of haste {unknown}
 t - a potion of degeneration {unknown}
 u - a potion of attraction {unknown}


   Skills:
 + Level 0.3 Fighting
 + Level 0.4 Short Blades
 + Level 1.7 Armour
 + Level 1.9 Dodging
 + Level 2.7 Stealth
 + Level 3.8 Spellcasting
 + Level 0.7 Transmutations
 + Level 5.3 Earth Magic


You had 8 spell levels left.
You knew the following spells:

 Your Spells              Type           Power      Damage    Failure   Level
a - Sandblast             Erth           44%        2d11      4%          1
b - Stone Arrow           Conj/Erth      24%        3d8       34%         3

Your spell library contained the following spells:

 Spells                   Type           Power      Damage    Failure   Level
 Passwall                 Tmut/Erth      11%        N/A       16%         2
 Necrotise                Necr           12%        1d4       34%         1
 Blink                    Tloc           6%         N/A       47%         2
 Lesser Beckoning         Tloc           6%         N/A       47%         2
 Momentum Strike          Conj/Tloc      6%         3d8       47%         2
 Vampiric Draining        Necr           3%         2d6       71%         3
 Petrify                  Tmut/Erth      14%        N/A       71%         4
 Agony                    Necr           3%         N/A       100%        5


Dungeon Overview and Level Annotations

Branches:
Dungeon (3/15)

Altars:


Innate Abilities, Weirdness & Mutations

You are immune to sickness and miasma.
Your stone body is resilient. (AC +4)
You are immune to poison.
You resist negative energy. (rN+)
You are resistant to electric shocks. (rElec)
You are resistant to unholy torment.
You are immune to petrification.


Message History

The endoplasm quivers.
You miss the orc wizard.
You feel less confused.
The orc wizard gestures at you while chanting.
You resist with some effort. The orc closely misses you.
You hit the orc wizard but do no damage.
The orc wizard hits you with a +0 dagger.
The orc hits you but does no damage.
You closely miss the orc wizard. The orc wizard casts a spell at you.
You are confused.
The orc hits you but does no damage.
You are too confused!
The orc wizard attacks as you move away!
The orc wizard hits you with a +0 dagger.
You hit the endoplasm.
The endoplasm is moderately wounded.
The orc wizard points at you and mumbles some strange words.
You are more confused.
The endoplasm barely misses you.
You miss the orc wizard. Your punch misses the orc wizard.
The orc wizard barely misses you. The endoplasm freezes you.
You are frozen.
You hit the orc wizard but do no damage.
The orc wizard barely misses you. The endoplasm barely misses you.
The orc priest begins to cast a cantrip, but forgets the words!
You closely miss the orc wizard.
The orc wizard hits you but does no damage.
The endoplasm freezes you.
You are frozen.
The orc priest calls down the wrath of Beogh upon you.
Beogh smites you!
* * * LOW HITPOINT WARNING * * *
Unknown command.
You bump into the rock wall.
The orc wizard hits you but does no damage.
The endoplasm freezes you.
You are frozen.
You die...

### ..# #.# #.#
##### #.# #.#
.....##(##### #.#
......#.....###.#
..<.....#....##J#
.....⌠..#.#..##@#
........#.#..##o#
.⌠.⌠....).)...oo#
.......##.##.#.##
.....⌠. #.##.#.#
..>.... #.##.#.#
......# #....#.#
#.....# ###.##†#
###########...#.#


You could see an orc priest, an orc wizard, an orc and an endoplasm.

Vanquished Creatures
  Sigmund (D:3)
  2 adders
  2 worms (D:2)
  2 orcs (D:3)
  2 endoplasms
  2 giant cockroaches
  4 goblins
  7 hobgoblins
  3 jackals (D:1)
  2 kobolds
  3 quokkas
  6 ball pythons
  4 bats
  8 frilled lizards
  2 rats
50 creatures vanquished.

Notes
Turn   | Place    | Note
-------+----------+-------------------------------------------
     0 | D:1      | Lambda the Gargoyle Earth Elementalist began the quest for
                  | the Orb.
     0 | D:1      | Reached XP level 1. HP: 10/10 MP: 3/3
   118 | D:1      | Reached XP level 2. HP: 12/15 MP: 0/5
   260 | D:1      | Reached skill level 4 in Earth Magic
   456 | D:1      | Reached XP level 3. HP: 19/19 MP: 3/6
   474 | D:1      | Found a faded altar of an unknown god.
   727 | D:2      | Learned a level 3 spell: Stone Arrow
  1180 | D:2      | Reached XP level 4. HP: 22/24 MP: 8/8
  1404 | D:3      | Identified the +6 ring mail "Urghein" {rPois rCorr Dex+3}
  1768 | D:3      | Noticed Sigmund
  1793 | D:3      | Killed Sigmund
  1794 | D:3      | Reached skill level 1 in Armour
  1794 | D:3      | Reached skill level 5 in Earth Magic
  1794 | D:3      | Reached XP level 5. HP: 25/28 MP: 2/10
  2008 | D:3      | Reached XP level 6. HP: 33/33 MP: 7/11
  2028 | D:3      | Frozen to death by an endoplasm

Illustrated notes

Levels and vault maps discovered:
D:1:      dpeg_arrival_three_smaller_balls, layout_basic,
          dreamdust_ecumenical_altar_statues
D:2:      layout_basic
D:3:      layout_loops_corners, grunt_ministairs_10, uniq_sigmund

Skill      XL: |  1  2  3  4 |
---------------+-------------+-----
Earth Magic    | 4 5 |  5.3
Spellcasting   | 3 |  3.8
Armour         | 1 |  1.7
Fighting       | |  0.3
Short Blades   | |  0.4
Dodging        | |  1.9
Stealth        | |  2.7
Transmutations | |  0.7

Action                     |  1- 3 |  4- 6 || total
---------------------------+-------+-------++-------
  Melee: Unarmed           |    11 |       ||    11
         Dagger            |    59 |    11 ||    70
         Punch             |     1 |       ||     1
   Cast: Sandblast         |    37 |    19 ||    56
    Use: Scroll            |     1 |     3 ||     4
   Stab: Sleeping          |       |     1 ||     1
 Armour: Robe              |    16 |       ||    16
         Leather armour    |    23 |       ||    23
         Ring mail         |       |    11 ||    11
  Dodge: Dodged            |    50 |    16 ||    66
